[ AOE2 MATCH · #480608615 ]
Team RMMongols vs Jurchens
[ REPLAY ANALYSIS · EXTRACTED FROM THE RECORDED GAME ]
Feudal
—
Castle
—
Imperial
—
| APM avg | 17.9 |
| APM peak | 50 |
| eAPM avg | 8.3 |
| Villagers / military | 20 / 3 |
Focus
⚔️ 6.9% · 🌾 93.1%
Militia ×3
Feudal
—
Castle
—
Imperial
—
| APM avg | 8.9 |
| APM peak | 16 |
| eAPM avg | 6.1 |
| Villagers / military | 18 / 0 |
Focus
⚔️ 1.9% · 🌾 98.1%
Feudal
—
Castle
—
Imperial
—
| APM avg | 37.0 |
| APM peak | 73 |
| eAPM avg | 6.5 |
| Villagers / military | 20 / 0 |
Focus
⚔️ 5.7% · 🌾 94.3%
Feudal
—
Castle
—
Imperial
—
| APM avg | 40.7 |
| APM peak | 61 |
| eAPM avg | 11.0 |
| Villagers / military | 20 / 0 |
Focus
⚔️ 2.9% · 🌾 97.1%
Match map
Resources at game start + every placement click. Thick line = wall · dashed box = detected house wall. 🟡 gold · ⚪ stone · 🟢 berries · 🔶 boar · ⭕ relic
Inputs per minute
— ADRIELONIX - - PitralonneDJS
Build order — ADRIELONIX
34 actions detected in the replay
| 0:03 | Build | House |
| 0:05 | Build | House |
| 0:05 | Create | Villager (Male) |
| 0:06 | Create | Villager (Male) |
| 0:06 | Create | Villager (Male) |
| 0:06 | Create | Villager (Male) |
| 0:06 | Create | Villager (Male) |
| 1:28 | Create | Villager (Male) |
| 2:31 | Create | Villager (Male) |
| 2:32 | Create | Villager (Male) |
| 2:32 | Create | Villager (Male) |
| 2:54 | Build | Lumber Camp |
| 2:58 | Create | Villager (Male) |
| 2:58 | Create | Villager (Male) |
| 3:47 | Create | Villager (Male) |
| 4:22 | Create | Villager (Male) |
| 4:22 | Create | Villager (Male) |
| 5:21 | Build | Barracks |
| 6:41 | Build | Mill |
| 7:33 | Create | Villager (Male) |
| 7:33 | Create | Villager (Male) |
| 7:33 | Create | Villager (Male) |
| 7:34 | Create | Villager (Male) |
| 7:34 | Create | Villager (Male) |
| 7:34 | Create | Villager (Male) |
| 8:03 | Build | House |
| 8:04 | Build | House |
| 8:05 | Build | House |
| 8:06 | Build | House |
| 8:08 | Build | House |
| 8:41 | Create | Militia |
| 8:42 | Create | Militia |
| 8:42 | Create | Militia |
| 8:51 | Build | House |
Build order — PitralonneDJS
27 actions detected in the replay
| 0:05 | Create | Villager (Male) |
| 0:05 | Create | Villager (Male) |
| 0:06 | Create | Villager (Male) |
| 0:06 | Create | Villager (Male) |
| 0:06 | Create | Villager (Male) |
| 0:09 | Build | House |
| 0:11 | Build | House |
| 2:02 | Build | Lumber Camp |
| 2:54 | Create | Villager (Male) |
| 2:56 | Create | Villager (Male) |
| 2:56 | Create | Villager (Male) |
| 2:57 | Create | Villager (Male) |
| 4:02 | Research | Loom |
| 4:17 | Create | Villager (Male) |
| 4:18 | Create | Villager (Male) |
| 4:31 | Build | House |
| 4:35 | Build | House |
| 4:38 | Build | House |
| 4:39 | Build | House |
| 4:46 | Create | Villager (Male) |
| 6:02 | Create | Villager (Male) |
| 6:34 | Build | Mill |
| 6:39 | Create | Villager (Male) |
| 7:00 | Create | Villager (Male) |
| 7:51 | Create | Villager (Male) |
| 7:51 | Create | Villager (Male) |
| 7:54 | Create | Villager (Male) |
Build order — Saikool
14 actions detected in the replay
| 0:03 | Build | House |
| 0:05 | Build | House |
| 0:07 | Build | House |
| 0:08 | Create | Villager (Male) ×4 |
| 0:09 | Create | Villager (Male) ×4 |
| 2:04 | Build | Lumber Camp |
| 2:32 | Create | Villager (Male) ×3 |
| 3:34 | Create | Villager (Male) ×2 |
| 4:10 | Create | Villager (Male) |
| 4:27 | Create | Villager (Male) |
| 4:57 | Build | Palisade Wall |
| 5:33 | Build | Mill |
| 7:01 | Create | Villager (Male) ×5 |
| 7:34 | Build | Mill |
Build order — Jayson
30 actions detected in the replay
| 0:18 | Build | Palisade Wall |
| 1:24 | Create | Villager (Male) |
| 1:24 | Create | Villager (Male) |
| 1:25 | Create | Villager (Male) |
| 1:25 | Create | Villager (Male) |
| 1:25 | Create | Villager (Male) |
| 1:25 | Create | Villager (Male) |
| 1:26 | Research | Loom |
| 1:26 | Research | Loom |
| 1:29 | Build | House |
| 1:30 | Build | House |
| 1:31 | Build | House |
| 3:12 | Build | House |
| 3:31 | Build | Lumber Camp |
| 4:08 | Create | Villager (Male) |
| 4:08 | Create | Villager (Male) |
| 4:08 | Create | Villager (Male) |
| 4:54 | Create | Villager (Male) |
| 4:54 | Create | Villager (Male) |
| 4:55 | Create | Villager (Male) |
| 5:20 | Create | Villager (Male) |
| 5:21 | Create | Villager (Male) |
| 5:57 | Build | Mill |
| 7:17 | Create | Villager (Male) |
| 7:18 | Create | Villager (Male) |
| 7:18 | Create | Villager (Male) |
| 7:18 | Create | Villager (Male) |
| 7:18 | Create | Villager (Male) |
| 7:19 | Create | Villager (Male) |
| 7:50 | Build | House |
Match timeline
| 0:18 | Jayson · wall_segment Palisade Wall x1 |
| 4:57 | Saikool · wall_segment Palisade Wall x19 |
| 5:21 | ADRIELONIX · first_building Barracks |
| 8:52 | Saikool · resign |
[ AI ANALYSIS · 1 CREDIT ]
What really happened in this match?
Wolo.gg analyzes every decision: build order, eco, micro, common mistakes by bracket. Personalized analysis on WhatsApp or Discord in 30 seconds.
Civ guide
Mongols
Map guide
Amazon Tunnel
Perfil
ADRIELONIX